 Dungeon Crawl Stone Soup version 0.27-a0-1186-g8b4daa1eef (webtiles) character file.

Game seed: 10998752610456927432

43022 freelancePsychic the Blocker (level 14, -2/92 HPs)
             Began as a Gargoyle Earth Elementalist on May 20, 2021.
             Was a High Priest of Cheibriados.
             Shot with an arrow by Nessos (8 damage)
             ... on level 4 of the Lair of Beasts.
             The game lasted 00:41:04 (17549 turns).

freelancePsychic the Blocker (GrEE)                Turns: 17549, Time: 00:41:05

Health: -2/92      AC: 28    Str: 23    XL:     14   Next: 22%
Magic:  14/19      EV: 11    Int: 38    God:    Cheibriados [*****.]
Gold:   1869       SH: 16    Dex: 21    Spells: 14/20 levels left

rFire    . . .     SeeInvis .   a - +3 sling "Punk" {acid, rCorr}
rCold    . . .     Faith    .   G - +2 kite shield
rNeg     + . .     Spirit   .   P - +0 acid dragon scales
rPois    ∞         Reflect  .   m - +2 helmet
rElec    +         Harm     .   N - +0 cloak
rCorr    +         Rampage  .   s - +1 pair of gloves
Will     ++...                  d - +2 pair of boots
Stlth    ++........             (no amulet)
HPRegen  0.25/turn              V - ring of willpower
MPRegen  0.16/turn              X - +6 ring of intelligence

@: flying, very slow
A: sickness immunity, AC +10, big wings, negative energy resistance 1,
electricity resistance, torment resistance 1, petrification resistance
a: Renounce Religion, Bend Time, Temporal Distortion, Slouch, Step From Time


You were on level 4 of the Lair of Beasts.
You worshipped Cheibriados.
Cheibriados was extremely pleased with you.
You visited 3 branches of the dungeon, and saw 16 of its levels.
You also visited: Sewer and Ossuary.

You collected 3117 gold pieces.
You spent 1248 gold pieces at shops.

Inventory:

Hand Weapons
 a - the +3 sling "Punk" (weapon) {acid, rCorr}
   (You acquired it on level 6 of the Dungeon)

   It protects you from acid and corrosion.
Missiles
 g - 9 curare-tipped darts
 q - 228 stones
 C - 40 sling bullets (quivered ammo)
 W - 3 throwing nets
 Z - 4 atropa-tipped darts
Armour
 c - a +0 robe
 d - a +2 pair of boots (worn)
 m - a +2 helmet (worn)
 s - a +1 pair of gloves (worn)
 A - a +0 buckler
 G - a +2 kite shield (worn)
 N - a +0 cloak (worn)
 P - +0 acid dragon scales (worn)
Magical Staves
 b - a staff of earth
Jewellery
 l - a +4 ring of protection
 r - a +6 ring of intelligence
 z - a +4 ring of protection
 M - a ring of protection from fire
 V - a ring of willpower (left hand)
 X - a +6 ring of intelligence (right hand)
Wands
 y - a wand of iceblast (41)
 D - a wand of mindburst (10)
 Q - a wand of acid (5)
 R - a wand of flame (23)
Scrolls
 f - 2 scrolls of magic mapping
 i - 6 scrolls of fear
 j - 6 scrolls of enchant armour
 k - 2 scrolls of silence
 B - 10 scrolls of teleportation {@r4}
 E - 2 scrolls of amnesia
 F - a scroll of torment {unknown}
 H - 2 scrolls of enchant weapon {unknown}
 O - 3 scrolls of immolation {unknown}
 S - a scroll of holy word
 U - 4 scrolls of noise
Potions
 e - 5 potions of attraction
 h - 2 potions of lignification
 n - 3 potions of mutation
 o - 5 potions of curing {@q1}
 p - 3 potions of ambrosia
 t - 5 potions of brilliance
 u - 2 potions of magic
 v - 7 potions of might
 w - 5 potions of haste {@q3}
 I - 2 potions of invisibility
 J - a potion of heal wounds {unknown}
 T - a potion of flight {unknown}
 Y - 2 potions of berserk rage


   Skills:
 - Level 12.4 Fighting
 * Level 10.9 Slings
 - Level 6.3 Armour
 - Level 1.5 Dodging
 - Level 2.1 Stealth
 + Level 12.5 Shields
 - Level 3.7 Spellcasting
 - Level 6.0 Conjurations
 - Level 0.7 Transmutations
 - Level 8.9 Earth Magic


You had 14 spell levels left.
You knew the following spells:

 Your Spells              Type           Power      Damage    Failure   Level
a - Sandblast             Erth           100%       2d20      1%          1
b - Stone Arrow           Conj/Erth      100%       3d13      1%          3
c - Passwall              Tmut/Erth      35%        N/A       1%          2

Your spell library contained the following spells:

 Spells                   Type           Power      Damage    Failure   Level
 Lee's Rapid Deconstruct  Erth           32%        3d18*     4%          5
 Animate Skeleton         Necr           14%        N/A       6%          1
 Apportation              Tloc           14%        N/A       6%          1
 Corona                   Hex            7%         N/A       6%          1
 Summon Small Mammal      Summ           28%        N/A       6%          1
 Petrify                  Tmut/Erth      43%        N/A       9%          4
 Confusing Touch          Hex            7%         N/A       19%         3
 Gell's Gravitas          Tloc           3%         N/A       19%         3
 Yara's Violent Unravell  Hex/Tmut       4%         3d4       83%         5
 Metabolic Englaciation   Hex/Ice        3%         N/A       87%         5


Dungeon Overview and Level Annotations

Branches:
Dungeon (11/15)            Temple (1/1) D:5            Lair (4/6) D:8
 Shoals (0/4) Lair:3        Snake (0/4) Lair:2        Sewer (visited)
Ossuary (visited)
    Orc: D:9-12

Altars:
Ashenzari
Cheibriados
Dithmenos
Elyvilon
Fedhas
Gozag
Hepliaklqana
Kikubaaqudgha
Makhleb
Nemelex Xobeh
Okawaru
Qazlal
Ru
Sif Muna
Trog
Uskayaw
Vehumet
Wu Jian
Xom
Yredelemnul
Zin
The Shining One
Jiyva

Shops:
D:1 =   D:9 ?

Annotations:
D:6 2 transporters
D:7 3 runed translucent doors, MikuNakano's ghost, novice VSFi; mnm's ghost, novice HOBe
Lair:3 3 runed translucent doors, Veysay's ghost, journeyman DjWz
Lair:4 Nessos; Rupert


Innate Abilities, Weirdness & Mutations

You are immune to sickness and miasma.
Your stone body is resilient. (AC +10)
You are immune to poison.
Your large and strong wings let you fly.
You resist negative energy. (rN+)
You are resistant to electric shocks. (rElec)
You are resistant to unholy torment.
You are immune to petrification.


Message History

Confirm with . or Enter, or press ? or * to list all spells.
Aiming: Sandblast (safe; 1% risk of failure)
Press: ? - help, Shift-Dir - straight line, f - komodo dragon, p - Nessos
Aim: a komodo dragon (lightly wounded, covered in acid, 88% to hit)
The blast of sand misses the komodo dragon.
q - 231 stones Nessos shoots an arrow.
You block the arrow. The komodo dragon bites you!
Casting: Sandblast (safe; 1% risk of failure)
Confirm with . or Enter, or press ? or * to list all spells.
Aiming: Sandblast (safe; 1% risk of failure)
Press: ? - help, Shift-Dir - straight line, f/p - komodo dragon
Aim: a komodo dragon (lightly wounded, covered in acid, 88% to hit)
The blast of sand hits the komodo dragon!!
The komodo dragon is heavily wounded.
q - 230 stones Nessos blinks!
The komodo dragon bites you!
* * * LOW HITPOINT WARNING * * *
Casting: Sandblast (safe; 1% risk of failure)
Confirm with . or Enter, or press ? or * to list all spells.
Aiming: Sandblast (safe; 1% risk of failure)
Press: ? - help, Shift-Dir - straight line, f/p - komodo dragon
Aim: a komodo dragon (heavily wounded, covered in acid, 88% to hit)
The blast of sand hits the komodo dragon!!
The komodo dragon is almost dead.
q - 229 stones You block the komodo dragon's attack.
Casting: Sandblast (safe; 1% risk of failure)
Confirm with . or Enter, or press ? or * to list all spells.
Aiming: Sandblast (safe; 1% risk of failure)
Press: ? - help, Shift-Dir - straight line, f/p - komodo dragon
Aim: a komodo dragon (almost dead, covered in acid, 88% to hit)
The blast of sand hits the komodo dragon!
You kill the komodo dragon!
Cheibriados appreciates the change of pace.
q - 228 stones Nessos shoots an arrow.
You block the arrow.
Nessos shoots an arrow.
The arrow hits you!
* * * LOW HITPOINT WARNING * * *
The arrow burns you!
You die...

..........###.......#
.... ........#.#
##.#...P. (.#.
.......(#.######.....
.(l..
...##.#.......####...
.....
P###....###.....#....
.... ##...#
##...##.... .. #.F#
###.(.# #).........
....#..##.....#
#....#.#.P.
#....§..##@...#
#......###.
#......c((..(.#
##....## ##
#.............#
#.#####
#...(........## ##
####.....§..##
#.(......# ##..#.....
####(...## ######


You could see Nessos (fast, corroded).

Vanquished Creatures
  Josephine (D:10)
  A hydra (Lair:2)
  Harold (D:10)
  Erica (Lair:1)
  A catoblepas (Lair:2)
  2 two-headed ogres
  3 death yaks (Lair:4)
  Sonja (Lair:3)
  4 black mambas
  3 torpor snails (Lair:3)
  9 cane toads
  A rime drake (Lair:1)
  8 komodo dragons
  3 polar bears
  A snapping turtle (Lair:3)
  Sigmund (D:2)
  31 yaks
  4 wyverns
  A basilisk (Lair:2)
  7 wraiths
  3 steam dragons
  8 water moccasins
  An acid dragon (D:8)
  An ice beast (D:7)
  6 orc warriors
  A necrophage (D:6)
  A black bear (D:6)
  An ogre (D:6)
  3 centaurs
  An elf zombie (Ossuary)
  A scorpion (D:4)
  10 bullfrogs
  A gnoll sergeant (D:7)
  A wyvern zombie (D:8)
  6 killer bees (D:8)
  11 wights
  3 centaur zombies
  A lava snake (D:8)
  A hound (D:6)
  A jelly (D:6)
  3 orc priests
  A centaur skeleton (D:6)
  Terence (D:2)
  4 orc wizards
  A hound zombie (D:5)
  3 mummies (Ossuary)
  Robin (D:2)
  3 gnolls (D:7)
  3 river rats (Sewer)
  11 adders
  A white imp (D:6)
  2 ufetubi
  An adder skeleton (D:5)
  2 dart slugs
  2 worms (D:4)
  31 orcs
  20 ball pythons
  8 endoplasms
  2 giant cockroaches
  15 goblins
  7 hobgoblins
  10 jackals
  4 quokkas
  7 bats
  9 frilled lizards
  A goblin zombie (Ossuary)
  3 hobgoblin zombies (Ossuary)
  10 kobolds
  3 kobold zombies (Ossuary)
  31 rats
346 creatures vanquished.

Vanquished Creatures (collateral kills)
  An ogre (D:5)
1 creature vanquished.

Vanquished Creatures (others)
  12 fungi
  3 plants
  6 withered plants (D:7)
21 creatures vanquished.

Grand Total: 368 creatures vanquished

Notes
Turn   | Place    | Note
-------+----------+-------------------------------------------
     0 | D:1      | freelancePsychic the Gargoyle Earth Elementalist began the
                  | quest for the Orb.
     0 | D:1      | Reached XP level 1. HP: 10/10 MP: 3/3
   138 | D:1      | Reached XP level 2. HP: 15/15 MP: 0/5
   426 | D:1      | Found Nonuicops's Jewellery Emporium.
   612 | D:1      | Reached XP level 3. HP: 19/19 MP: 6/6
   660 | D:1      | Reached skill level 5 in Earth Magic
  1286 | D:2      | Reached XP level 4. HP: 24/24 MP: 7/7
  1388 | D:2      | Noticed Terence
  1407 | D:2      | Killed Terence
  2160 | D:2      | Noticed Robin
  2164 | D:2      | Reached XP level 5. HP: 21/28 MP: 8/8
  2173 | D:2      | Killed Robin
  2332 | D:2      | Noticed Sigmund
  2342 | D:2      | Killed Sigmund
  2343 | D:2      | Reached XP level 6. HP: 32/32 MP: 6/9
  2380 | D:2      | Learned a level 3 spell: Stone Arrow
  2528 | D:2      | Found a faded altar of an unknown god.
  2967 | D:3      | Reached skill level 1 in Conjurations
  3062 | D:3      | Found a glowing drain.
  3066 | Sewer    | Entered a sewer
  3728 | Sewer    | Reached XP level 7. HP: 34/36 MP: 0/10
  5483 | D:5      | Entered Level 5 of the Dungeon
  5533 | D:5      | Reached skill level 5 in Conjurations
  5583 | D:5      | Reached XP level 8. HP: 25/41 MP: 2/12
  5963 | D:5      | Found a staircase to the Ecumenical Temple.
  5970 | Temple   | Entered the Ecumenical Temple
  5977 | Temple   | Became a worshipper of Cheibriados the Contemplative
  6278 | D:6      | Reached skill level 1 in Fighting
  6530 | D:6      | Found a transporter.
  6535 | D:6      | Noticed a kobold demonologist
  6536 | D:6      | Noticed a kobold demonologist
  6549 | D:6      | Found a transporter.
  6898 | D:6      | Identified a scroll of acquirement
  6898 | D:6      | Acquired the +3 sling "Punk" {acid, rCorr}
  6899 | D:6      | Found the +3 sling "Punk" {acid, rCorr}
  7432 | D:6      | Reached skill level 1 in Armour
  7580 | D:7      | Learned a level 2 spell: Passwall
  7618 | D:7      | Reached skill level 1 in Slings
  7849 | D:7      | Reached XP level 9. HP: 46/52 MP: 14/14
  7991 | D:7      | Reached * piety under Cheibriados
  8380 | D:7      | Found a runed translucent gate.
  8382 | D:7      | Found a runed translucent gate.
  8382 | D:7      | Found a runed translucent gate.
  8383 | D:7      | Noticed mnm's ghost (novice HOBe)
  8383 | D:7      | Noticed MikuNakano's ghost (novice VSFi)
  8707 | D:8      | Reached skill level 5 in Fighting
  8742 | D:8      | Reached skill level 5 in Armour
  8754 | D:8      | Found a sand-covered staircase.
  8765 | Ossuary  | Entered an ossuary
  8909 | Ossuary  | Reached ** piety under Cheibriados
  9357 | D:8      | Found a staircase to the Lair.
  9620 | D:8      | Found a shimmering blue altar of Sif Muna.
  9620 | D:8      | Found a basalt altar of Yredelemnul.
  9626 | D:8      | Found a burning altar of Makhleb.
 10082 | D:8      | Found a broken altar of Ashenzari.
 10114 | D:8      | Reached XP level 10. HP: 41/61 MP: 13/15
 10522 | D:9      | Reached skill level 1 in Shields
 10661 | D:9      | Found Wineyng's Magic Scroll Boutique.
 10706 | D:9      | Reached skill level 5 in Slings
 10820 | D:9      | Reached *** piety under Cheibriados
 11127 | D:9      | Noticed a two-headed ogre
 11132 | D:9      | Killed a two-headed ogre
 11191 | D:10     | Entered Level 10 of the Dungeon
 11233 | D:10     | Noticed a two-headed ogre
 11237 | D:10     | Killed a two-headed ogre
 11280 | D:10     | Reached skill level 5 in Shields
 11326 | D:10     | Noticed Harold
 11330 | D:10     | Noticed Josephine
 11333 | D:10     | Killed Harold
 11334 | D:10     | Reached XP level 11. HP: 62/69 MP: 14/16
 11639 | D:10     | Killed Josephine
 12416 | Lair:1   | Entered Level 1 of the Lair of Beasts
 12426 | Lair:1   | Reached **** piety under Cheibriados
 12722 | Lair:1   | Reached skill level 10 in Fighting
 12939 | Lair:1   | Noticed Erica
 12947 | Lair:1   | Killed Erica
 13056 | Lair:1   | You fall into a shaft and drop 1 floor!
 13227 | Lair:1   | Reached XP level 12. HP: 80/80 MP: 17/17
 13884 | Lair:1   | Noticed a fire dragon
 14148 | Lair:1   | Acquired 1056 gold pieces
 14260 | D:9      | Bought a scroll of acquirement for 624 gold pieces
 14260 | D:9      | Bought a scroll of acquirement for 624 gold pieces
 14260 | D:9      | Acquired 1241 gold pieces
 14262 | D:9      | Acquired a staff of earth
 14495 | Lair:2   | Noticed a four-headed hydra
 14505 | Lair:2   | Killed a four-headed hydra
 14672 | Lair:2   | Found the +4 Cigotuvi's embrace {rMiasma Drain rN+}
 14893 | Lair:2   | Noticed a catoblepas
 14899 | Lair:2   | Killed a catoblepas
 14900 | Lair:2   | Reached skill level 10 in Shields
 15361 | Lair:2   | Found a staircase to the Snake Pit.
 15475 | Lair:3   | Found a runed translucent gate.
 15475 | Lair:3   | Found a runed translucent gate.
 15475 | Lair:3   | Found a runed translucent gate.
 15475 | Lair:3   | Noticed Veysay's ghost (journeyman DjWz)
 15480 | Lair:3   | Noticed a quicksilver ooze
 16150 | Lair:3   | Noticed Sonja
 16158 | Lair:3   | Killed Sonja
 16247 | Lair:3   | Reached ***** piety under Cheibriados
 16260 | Lair:3   | Reached XP level 13. HP: 48/87 MP: 18/18
 16473 | Lair:3   | Found a staircase to the Shoals.
 16599 | Lair:3   | Found a viscous altar of Jiyva.
 16858 | Lair:4   | Noticed Rupert
 16862 | Lair:4   | Noticed Nessos
 17238 | Lair:4   | Reached skill level 10 in Slings
 17238 | Lair:4   | Gained mutation: Your large and strong wings let you fly.
                  | [Gargoyle growth]
 17238 | Lair:4   | Reached XP level 14. HP: 58/92 MP: 17/19
 17549 | Lair:4   | Shot with an arrow by Nessos

Illustrated notes

Levels and vault maps discovered:
D:1:      lemuel_arrival_hallway, layout_rooms, serial_shops,
          nicolae_shop_statue_plus
D:2:      minmay_door_path, layout_loops_ring,
          shapermc_ecumenical_altar_hornbeckon, guppyfry_early_orc_mine,
          uniq_robin, uniq_terence, uniq_sigmund
D:3:      layout_rooms, gup_sewer_entry_bowl
D:4:      layout_loops_ring
D:5:      layout_rooms, minmay_temple_entry_overgrown
D:6:      gammafunk_wand_slinger, layout_cave_pods
D:7:      layout_basic, gammafunk_ghost_cemetery
D:8:      layout_loops_ring, gammafunk_temple_overflow_claw,
          general_overflow_altar, lair_entry_dummy, nicolae_ossuary_entry_ruins,
          kennysheep_flooded_box
D:9:      layout_roguey, serial_shops, shop
D:10:     layout_basic, uniq_harold, uniq_josephine
D:11:     layout_stronghold, minmay_beelzebubs_servants
Temple:   nicolae_temple_no_exploring_needed
Lair:1:   dragon1_lemuel, layout_layer_cave, minmay_holes, uniq_erica
Lair:2:   layout_cellular_growth, dummy_snake_entry, st_stairs_13,
          grunt_megastairs_1, lemuel_fruit_tree
Lair:3:   layout_layer_cave, minmay_shoals_entry_hut, gammafunk_ghost_ooze,
          uniq_sonja
Lair:4:   layout_misc_corridors, chequers_serial_rivers_micro_a, uniq_rupert,
          uniq_nessos

Skill      XL: |  1  2  3  4  5  6  7  8  9 10 11 12 13 |
---------------+----------------------------------------+-----
Earth Magic    | 4 5 6 8 |  8.9
Conjurations   | 3 5 6 |  6.0
Spellcasting   | 3 |  3.7
Fighting       | 4 6 8 11 12 | 12.4
Armour         | 3 6 |  6.3
Slings         | 1 4 6 7 8 10 | 10.9
Shields        | 5 9 11 12 | 12.5
Dodging        | |  1.5
Stealth        | |  2.1
Transmutations | |  0.7

Action                   |  1- 3 |  4- 6 |  7- 9 | 10-12 | 13-15 || total
-------------------------+-------+-------+-------+-------+-------++-------
Melee: Unarmed           |     3 |       |       |       |       ||     3
       Whip              |    58 |       |       |       |       ||    58
       Mace              |     9 |   223 |    83 |       |       ||   315
 Fire: Fustibalus        |       |       |   171 |   399 |    51 ||   621
 Cast: Sandblast         |    16 |    52 |     6 |    38 |    15 ||   127
       Stone Arrow       |       |     7 |    43 |     3 |       ||    53
Invok: Bend Time         |       |       |       |     2 |       ||     2
  Use: Scroll            |       |       |    14 |     8 |    10 ||    32
       Potion            |       |       |       |     1 |     1 ||     2
 Stab: Sleeping          |     4 |     2 |       |       |       ||     6
       Distracted        |       |     1 |       |       |       ||     1
Armor: Robe              |    31 |   152 |   161 |       |       ||   344
       Ring mail         |       |       |     5 |     2 |       ||     7
       Acid dragon scale |       |       |       |    98 |    12 ||   110
Dodge: Dodged            |    56 |   219 |   164 |    86 |    10 ||   535
Block: Buckler           |       |       |    18 |     6 |       ||    24
       Kite shield       |       |       |       |   110 |    36 ||   146

Table legend: (Time is in decaauts)
 A = Elapsed time spent in this place.
 B = Non-inter-level travel time spent in this place.
 C = Inter-level travel time spent in this place.
 D = Time resting spent in this place.
 E = Time spent auto-exploring this place.
 F = Levels seen in this place.
 G = Mean time per level.
                   A        B        C        D        E       F      G
               +--------+--------+--------+--------+--------+-----+--------+
         Total |  22372 |  20706 |   1666 |   1210 |  16569 |  18 | 1242.9 |
       Dungeon |  13247 |  11773 |   1474 |    625 |   9339 |  11 | 1204.3 |
        Temple |     16 |      8 |      8 |      0 |      0 |   1 |   16.0 |
          Lair |   7367 |   7184 |    183 |    390 |   6076 |   4 | 1841.8 |
         Sewer |   1031 |   1031 |      0 |     69 |    678 |   1 | 1031.0 |
       Ossuary |    710 |    710 |      0 |    126 |    475 |   1 |  710.0 |
               +--------+--------+--------+--------+--------+-----+--------+

Top non-repeatable levels by time:
  Lair:1: 2637 daAuts
  Lair:3: 2077 daAuts
     D:2: 2044 daAuts
  Lair:2: 1724 daAuts
     D:8: 1712 daAuts
     D:7: 1582 daAuts
     D:9: 1297 daAuts
     D:6: 1271 daAuts
     D:4: 1212 daAuts
    D:10: 1207 daAuts
   Sewer: 1031 daAuts
  Lair:4: 927 daAuts
     D:3: 861 daAuts
     D:1: 861 daAuts
     D:5: 836 daAuts
